 Dungeon Crawl Stone Soup version 0.26.1-2-gb8aa6d0 (webtiles) character file.

Game seed: 13941522222511795981

1635 Geeful the Covert (level 8, -1/57 HPs)
             Began as an Octopode Delver on Apr 9, 2021.
             Was an Initiate of Vehumet.
             Splashed by a jelly's acid (11 damage)
             ... on level 6 of the Dungeon.
             The game lasted 00:19:25 (5373 turns).

Geeful the Covert (Octopode Delver)                 Turns: 5373, Time: 00:19:26

Health: -1/57      AC: -3    Str: 11    XL:     8   Next: 98%
Magic:  15/15      EV: 16    Int: 14    God:    Vehumet [......]
Gold:   14         SH:  0    Dex: 14    Spells: 17/17 levels left

rFire    . . .     SeeInvis .   p - +3 dagger
rCold    . . .     Faith    .   (no shield)
rNeg     . . .     Spirit   .   (helmet restricted)
rPois    .         Reflect  .   i - amulet of regeneration
rElec    .         Harm     .   g - ring of flight
rCorr    .         Rampage  .   x - +4 ring of protection
Will     .....                  (no ring)
Stlth    +++++.....             (no ring)
HPRegen  0.59/turn              (no ring)
MPRegen  0.14/turn              (no ring)
                                (no ring)
                                (no ring)

@: corroded
A: almost no armour, stealthy swim, amphibious, 8 rings, constrict 8, camouflage
1, gelatinous body 1
a: Renounce Religion, Evoke Flight


You were on level 6 of the Dungeon.
You worshipped Vehumet.
Vehumet was noncommittal.
You visited 1 branch of the dungeon, and saw 6 of its levels.
You visited the Abyss 1 time.
You also visited: Sewer.

You collected 284 gold pieces.
You spent 270 gold pieces at shops.

Inventory:

Hand Weapons
 p - a +3 dagger (weapon)
Missiles
 k - 3 poisoned darts (quivered)
Jewellery
 g - a ring of flight (left tentacle)
 i - an amulet of regeneration (around mantle)
 u - an uncursed ring of ice
 x - a +4 ring of protection (right tentacle)
Wands
 f - a wand of digging (3)
 r - a wand of iceblast (18)
 w - a wand of random effects (14)
Scrolls
 b - 2 scrolls of fog
 c - 6 scrolls of teleportation
 d - 2 scrolls of fear
 e - a scroll of magic mapping
 n - a scroll of immolation
 q - a scroll of amnesia
 t - a scroll of enchant armour
 y - a scroll of remove curse {unknown}
Potions
 a - a potion of degeneration
 h - 4 potions of curing
 j - a potion of heal wounds
 l - a potion of flight
 m - a potion of might
 o - 2 potions of resistance
 s - 3 potions of haste
 v - a potion of berserk rage {unknown}


   Skills:
 - Level 6.0 Fighting
 - Level 2.0 Short Blades
 + Level 6.1 Dodging
 - Level 10.0 Stealth
 + Level 5.0 Spellcasting


You had 17 spell levels left.
You didn't know any spells.
Your spell library was empty.

Dungeon Overview and Level Annotations

Branches:
Dungeon (6/15)             Temple (0/1) D:5           Sewer (visited)

Altars:
Cheibriados
Dithmenos
Gozag
Qazlal
Ru
Vehumet
Yredelemnul

Shops:
D:5 *(


Innate Abilities, Weirdness & Mutations

You cannot wear most types of armour.
You are very stealthy in the water. (Stealth+)
You are amphibious.
You can wear up to eight rings at the same time.
You can use your tentacles to constrict eight enemies at once.
Your skin changes colour to match your surroundings (Stealth+).
Your rubbery body absorbs attacks. (AC +1, EV +1)


Message History

You hit the jelly. The acid corrodes you!
Your tentacles burn!
The jelly is severely wounded.
The jelly closely misses you.
You hit the jelly but do no damage.
Your tentacles burn!
You squeeze the jelly.
The jelly is severely wounded.
The jelly closely misses you.
You hit the jelly. The acid corrodes you!
Your tentacles burn!
The jelly is almost dead.
The jelly hits you. The acid corrodes you!
You are splashed with acid!
You hit the jelly but do no damage.
Your tentacles burn!
The jelly is almost dead.
The jelly hits you.
You are splashed with acid!
* * * LOW HITPOINT WARNING * * *
You hit the jelly but do no damage.
Your tentacles burn!
* * * LOW HITPOINT WARNING * * *
The jelly is almost dead.
The jelly hits you.
* * * LOW HITPOINT WARNING * * *
You are splashed with acid!
You die...

##.####.####...#
#..............#.###
#.##.#..#.####......
#. #.#..#.# ###.###
#. #......# #.### #.
#.##.### #.##.
#.##.##.# #.##.
##.......# #.##.
#...@..### #[...
#.###J.# ####. #
....... #.
#...####.# #. #J..#
#. ....# #. ##...#
#. #.... #. ##


You could see a jelly.

Vanquished Creatures
  Sigmund (D:3)
  3 ogres
  A centaur (D:5)
  6 big kobolds (Sewer)
  A bullfrog (D:6)
  Blork the orc (D:5)
  A scorpion (D:4)
  A bullfrog zombie (D:5)
  A bullfrog skeleton (D:4)
  2 jellies (D:5)
  An orc priest (D:6)
  An iguana (D:5)
  3 worker ants
  9 adders
  7 gnolls
  4 river rats
  A white imp (D:3)
  2 ufetubi
  6 oozes
  5 worms
  3 dart slugs
  4 orcs
  7 bats
  5 giant cockroaches
  3 goblins
  3 hobgoblins (D:3)
  2 jackals (D:3)
  4 quokkas
  3 ball pythons
  6 frilled lizards
  15 kobolds
  2 quokka skeletons (D:4)
  10 rats
124 creatures vanquished.

Vanquished Creatures (others)
  6 plants (D:2)
6 creatures vanquished.

Grand Total: 130 creatures vanquished

Notes
Turn   | Place    | Note
-------+----------+-------------------------------------------
     0 | D:5      | Geeful the Octopode Delver began the quest for the Orb.
     0 | D:5      | Reached XP level 1. HP: 16/16 MP: 1/1
     9 | D:6      | Noticed a bullfrog
    35 | D:6      | Noticed a bullfrog
    54 | D:6      | Noticed an orc priest
    55 | D:6      | Noticed an orc priest
   276 | D:5      | Reached XP level 2. HP: 15/21 MP: 2/2
   519 | D:4      | Noticed a scorpion
   522 | D:4      | Killed a scorpion
   523 | D:4      | Reached skill level 7 in Stealth
   523 | D:4      | Reached skill level 1 in Spellcasting
   523 | D:4      | Reached XP level 3. HP: 26/26 MP: 2/4
   523 | D:4      | Reached XP level 4. HP: 31/31 MP: 2/5
   578 | D:4      | Found a glowing drain.
   585 | Sewer    | Entered a sewer
   604 | Sewer    | Noticed a big kobold
   614 | Sewer    | Killed a big kobold
   615 | Sewer    | Reached XP level 5. HP: 33/37 MP: 6/8
   826 | Sewer    | Noticed a big kobold
   826 | Sewer    | Noticed a big kobold
   833 | Sewer    | Killed a big kobold
   834 | Sewer    | Reached XP level 6. HP: 43/43 MP: 9/9
   845 | Sewer    | Reached skill level 8 in Stealth
  1202 | Sewer    | Reached XP level 7. HP: 47/49 MP: 11/11
  1455 | D:4      | Reached skill level 5 in Fighting
  1480 | D:5      | Cast into level 1 of the Abyss (gnoll)
  1575 | Abyss:1  | Noticed a golden eye
  1576 | Abyss:1  | Noticed a golden eye
  1576 | Abyss:1  | Noticed a golden eye
  1585 | Abyss:1  | Noticed a large abomination
  1600 | D:5      | Escaped the Abyss
  2976 | D:2      | Found a faded altar of an unknown god.
  3113 | D:3      | Reached skill level 9 in Stealth
  3224 | D:3      | Noticed Sigmund
  3227 | D:3      | Killed Sigmund
  3228 | D:3      | Reached XP level 8. HP: 56/56 MP: 13/13
  3348 | D:3      | Found a radiant altar of Vehumet.
  3369 | D:3      | Found a basalt altar of Yredelemnul.
  3369 | D:3      | Found a snail-covered altar of Cheibriados.
  3369 | D:3      | Found a shadowy altar of Dithmenos.
  3369 | D:3      | Found a sacrificial altar of Ru.
  3378 | D:3      | Found a stormy altar of Qazlal.
  3380 | D:3      | Found an opulent altar of Gozag.
  3963 | D:4      | Reached skill level 5 in Dodging
  3979 | D:3      | Became a worshipper of Vehumet
  4663 | D:5      | Noticed Blork the orc
  4675 | D:5      | Killed Blork the orc
  4789 | D:5      | Found a staircase to the Ecumenical Temple.
  4797 | D:5      | Found Sygheh's Assorted Antiques.
  4878 | D:5      | Bought a short gold wand for 108 gold pieces
  4878 | D:5      | Bought a small pearl ring for 135 gold pieces
  4878 | D:5      | Bought a scroll labelled ZYENLE QYID for 27 gold pieces
  4976 | D:5      | Found Wesusitse's Weapon Shoppe.
  5078 | D:6      | Reached skill level 10 in Stealth
  5295 | D:6      | Reached skill level 5 in Spellcasting
  5373 | D:6      | Splashed by a jelly's acid

Illustrated notes

Levels and vault maps discovered:
D:1:      erik_arrival_triangle_small, layout_loops_ring, minmay_quantized
D:2:      layout_basic, chequers_ecumenical_altar_lobes
D:3:      layout_loops_ring, nicolae_overflow_hidden_temple,
          minmay_overflow_temple_hex, uniq_sigmund
D:4:      layout_loops_cross, lightli_sewer_entry_pipes
D:5:      layout_basic, minmay_temple_entry_steel_oval, serial_shops,
          nicolae_shop_stone, shop, uniq_blork_the_orc
D:6:      layout_loops_cross, old_standard_altar, serial_shops,
          kennysheep_little_box

Skill      XL: |  1  2  3  4  5  6  7  8 |
---------------+-------------------------+-----
Stealth        | 7 8 9 10 | 10.0
Spellcasting   | 1 2 3 5 |  5.0
Dodging        | 3 4 6 |  6.1
Fighting       | 4 5 6 |  6.0
Short Blades   | |  2.0

Action                   |  1- 3 |  4- 6 |  7- 9 || total
-------------------------+-------+-------+-------++-------
Melee: Short sword       |    13 |    60 |    58 ||   131
       Constrict         |     1 |    10 |    34 ||    45
       Tentacles         |     1 |    13 |    39 ||    53
       Dagger            |       |       |   142 ||   142
Throw: Dart              |       |     5 |    10 ||    15
  Use: Scroll            |     1 |       |    13 ||    14
       Potion            |       |       |     3 ||     3
 Stab: Sleeping          |     4 |    14 |    35 ||    53
Armor: Skin              |       |     1 |     9 ||    10
Dodge: Dodged            |     5 |    22 |   108 ||   135
